 Dungeon Sprint DCSS version 0.27-a0-765-ge4d627daa3 (webtiles) character file.

Game seed: 7886978998730308898

170249 mhtbhm the Shatterer (level 16, -33/204 HPs)
             Began as a Troll Berserker on Mar 25, 2021.
             Was the Champion of Trog.
             Annihilated by a nagaraja
             ... wielding a +0 flail
              (36 damage)
             ... in the Dungeon (Sprint IX: "|||||||||||||||||||||||||||||").
             The game lasted 00:15:26 (5108 turns).

mhtbhm the Shatterer (Troll Berserker)              Turns: 5108, Time: 00:15:27

Health: -33/204    AC: 23    Str: 34    XL:     16   Next: 41%
Magic:  15/15      EV: 14    Int:  3    God:    Trog [******]
Gold:   1          SH:  0    Dex:  9    Spells: 15/15 levels left

rFire    + + +     SeeInvis .   a - +5 giant spiked club of Wabacit {vorpal, +Inv}
rCold    . . .     Faith    .   (shield currently unavailable)
rNeg     . . .     Spirit   .   b - +1 swamp dragon scales
rPois    +         Reflect  .   x - +2 hat
rElec    .         Harm     .   v - +0 cloak of Minor Irritation {rF+++ Will+}
rCorr    .         Rampage  .   (gloves unavailable)
Will     ++...     NoTele   +   (boots unavailable)
Stlth    +.........             D - amulet of regeneration
HPRegen  2.44/turn              E - +4 ring of evasion
MPRegen  0.14/turn              h - +4 ring of protection

@: lethally poisoned (-33 -> -38), berserk cooldown, slowed, constricted, very
slow
A: large, unfitting armour, claws 3, regeneration 1, shaggy fur 1, tough skin 1
}: 3/17 runes: decaying, barnacled, gossamer
a: Renounce Religion, Evoke Invisibility, Berserk, Trog's Hand, Brothers in Arms


You were in the Dungeon.
You worshipped Trog.
Trog was exalted by your worship.
You visited 1 branch You collected 1891 gold pieces.
You spent 1890 gold pieces at shops.

Inventory:

Hand Weapons
 a - the +5 giant spiked club of Wabacit (weapon) {vorpal, +Inv}
   (Trog gifted it to you in the Dungeon)

   It inflicts extra damage upon your enemies.
   It lets you turn invisible.
 l - the +7 mace of Variability {chain chaos}
   (You found it in the Dungeon)

   Each time it hits an enemy it has a different, random effect.
 z - a +3 vorpal demon whip
 I - a +6 antimagic giant spiked club
Missiles
 n - a curare-tipped dart
 B - 44 silver javelins
 C - 7 large rocks
Armour
 b - +1 swamp dragon scales (worn)
 m - a +3 tower shield
 v - the +0 cloak of Minor Irritation (worn) {rF+++ Will+}
   (You bought it in a shop in the Dungeon)

   It renders you almost immune to fire.
   It affects your willpower, your defense against some magical effects.
 x - a +2 hat (worn)
 y - a +0 kite shield of reflection
Jewellery
 h - a +4 ring of protection (left claw)
 k - a ring of protection from cold
 w - a ring of poison resistance
 D - an amulet of regeneration (around neck)
 E - a +4 ring of evasion (right claw)
Wands
 j - a wand of acid (12) (quivered)
Scrolls
 q - 2 scrolls of fear
 r - 5 scrolls of enchant armour
 s - 2 scrolls of enchant weapon
 t - 4 scrolls of fog
 u - 4 scrolls of identify
 G - a scroll of blinking
Potions
 c - 11 potions of curing
 d - 6 potions of heal wounds
 e - 2 potions of haste
 f - 4 potions of magic
 g - 5 potions of berserk rage
 i - a potion of invisibility
 o - 3 potions of might
 p - 2 potions of resistance
 A - a potion of flight {unknown}
 F - a potion of mutation
 H - a potion of lignification {unknown}


   Skills:
 + Level 23.5 Fighting
 + Level 26.8 Maces & Flails
 + Level 16.5 Armour
 + Level 16.1 Dodging
 - Level 0.4 Stealth
 + Level 3.8 Evocations


You had 15 spell levels left.
You didn't know any spells.
Your spell library was empty.

Dungeon Overview and Level Annotations

Branches:
Dungeon (1/1)

Altars:
Cheibriados
Dithmenos
Elyvilon
Fedhas
Gozag
Hepliaklqana
Kikubaaqudgha
Makhleb
Nemelex Xobeh
Okawaru
Qazlal
Ru
Sif Muna
Trog
Uskayaw
Vehumet
Wu Jian
Xom
Yredelemnul
Zin
The Shining One
Beogh
Jiyva
Lugonu

Shops:
D [!!:


Innate Abilities, Weirdness & Mutations

You are too large for most types of armour.
You have claws for hands.
Your natural rate of healing is unusually fast.
You are covered in fur. (AC +1)
You have tough skin. (AC +1)


Message History

Unknown command.
The naga shouts!
You sock the naga warrior!
The naga warrior is moderately wounded.
The nagaraja completely misses you. The nagaraja grabs you.
* * * LOW HITPOINT WARNING * * *
The nagaraja constricts you.
Unknown command.
Your stone giant goes berserk!
The nagaraja spits poison at you.
The splash of poison hits you but does no damage.
You resist. The nagaraja constricts you. The naga warrior spits poison at you.
The splash of poison misses you.
The splash of poison hits the nagaraja but does no damage.
The nagaraja closely misses you. The nagaraja constricts you.
A guardian serpent comes into view.
The naga warrior hits you with a +2 long sword of protection!!!
* * * LOW HITPOINT WARNING * * *
The nagaraja gestures at you while chanting.
The bolt of poison misses you.
The bolt of poison hits the naga warrior!
The bolt of poison hits your stone giant!!
Your stone giant is poisoned.
The nagaraja constricts you.
You feel much better.
The guardian serpent coils itself and waves its upper body at you.
The bolt of poison misses the nagaraja.
The bolt of poison hits you.
You are poisoned.
You resist.
* * * LOW HITPOINT WARNING * * *
The bolt of poison hits the naga warrior.
The bolt of poison hits your stone giant!
Your stone giant hits the naga warrior!!!
The nagaraja hits you with a +0 flail!!
* * * LOW HITPOINT WARNING * * *
The nagaraja constricts you.
The naga warrior hits your stone giant but does no damage.
The nagaraja hits you with a +0 flail!!!
You die...

.........'...............))[)[)).
.▓▓▓▓▓▓▓▓▓▓▓▓▓▓▓▓▓▓▓▓▓▓▓▓▓▓▓▓▓▓▓▓
.............................))..
▓▓▓▓▓▓▓▓▓▓▓▓▓▓▓▓▓▓▓▓▓▓▓▓▓▓▓▓▓▓▓▓▓
..........'................!...[[
.▓▓▓▓▓▓▓▓▓▓▓▓▓▓▓▓▓▓▓▓▓▓▓▓▓▓▓▓▓▓▓▓
..............)))))..............
▓▓▓▓▓▓▓▓▓▓▓▓▓▓▓▓▓▓▓▓▓▓▓▓▓▓▓▓▓▓▓▓▓
.SNNNSN@NC))))†)))).)))'
▓▓▓▓▓▓▓▓▓▓▓▓▓▓▓▓▓▓▓▓▓▓▓▓


You could see 2 naga warriors, a nagaraja (fast, strong, catching breath), 2
guardian serpents, 2 nagas and a friendly stone giant (summoned, berserk,
poisoned).

Vanquished Creatures
  Margery (D)
  Xtahua (D)
  Saint Roka (D)
  Jory (D)
  Rupert (D)
  An Orb Guardian (D)
  Gastronok (D)
  A deep elf master archer (D)
  A tengu reaver (D)
  Frances (D)
  Donald (D)
  Ilsuiw (D)
  3 nagarajas (D)
  Louise (D)
  6 emperor scorpions (D)
  3 ghost moths (D)
  Aizul (D)
  A vault warden (D)
  A draconian annihilator (D)
  2 ironbound preservers (D)
  5 stone giants (D)
  A very ugly thing (D)
  A vampire knight (D)
  An entropy weaver (D)
  2 merfolk javelineers (D)
  A spark wasp (D)
  2 fire dragons (D)
  6 merfolk impalers (D)
  A rakshasa (D)
  10 hydras (D)
  2 ironbound thunderhulks (D)
  A great orb of eyes (D)
  A shambling mangrove (D)
  An ironbound frostheart (D)
  3 naga warriors (D)
  2 ice dragons (D)
  4 merfolk avatars (D)
  A ghost crab (D)
  3 centaur warriors (D)
  Erica (D)
  An alligator snapping turtle (D)
  2 merfolk aquamancers (D)
  A deep troll earth mage (D)
  A vampire mage (D)
  Urug (D)
  6 orc high priests (D)
  3 hell knights (D)
  2 glowing orange brains (D)
  6 swamp dragons (D)
  A flayed ghost (D)
  A bog body (D)
  2 harpies (D)
  2 ironbound convokers (D)
  A deep elf pyromancer (D)
  An orb spider (D)
  A mana viper (D)
  3 ugly things (D)
  An orc sorcerer (D)
  A necromancer (D)
  A manticore (D)
  6 orc knights (D)
  2 cyclopes (D)
  A will-o-the-wisp (D)
  A merfolk siren (D)
  2 vault sentinels (D)
  5 black mambas (D)
  2 naga magi (D)
  A cane toad (D)
  A yaktaur (D)
  2 demonic crawlers (D)
  A guardian mummy (D)
  3 tengu conjurers (D)
  3 merfolk (D)
  A tyrant leech (D)
  2 jumping spiders (D)
  5 hornets (D)
  4 polar bears (D)
  2 blink frogs (D)
  A slime creature (D)
  2 wyverns (D)
  A water elemental (D)
  A spriggan (D)
  3 redbacks (D)
  2 wraiths (D)
  5 yaks (D)
  2 tarantellas (D)
  A vampire mosquito (D)
  Grum (D)
  A naga (D)
  An acid dragon (D)
  A water moccasin (D)
  10 orc warriors (D)
  A swamp drake (D)
  4 black bears (D)
  A centaur (D)
  5 wolves (D)
  A kobold brigand (D)
  2 bullfrogs (D)
  A howler monkey (D)
  A hound (D)
  3 orc priests (D)
  A gnoll shaman (D)
  6 orc wizards (D)
  A hell rat (D)
  2 worker ants (D)
  A gnoll (D)
  An adder (D)
  14 orcs (D)
  3 goblins (D)
  A rat (D)
242 creatures vanquished.

Vanquished Creatures (collateral kills)
  An emperor scorpion (D)
  A stone giant (D)
  A spark wasp (D)
  An ettin (D)
  An ironbound frostheart (D)
  A tengu warrior (D)
  An ironbound convoker (D)
  2 slime creatures (D)
9 creatures vanquished.

Vanquished Creatures (others)
  Frederick (D)
  A goliath frog (D)
  A bloated husk (D)
  2 foxfires (D)
5 creatures vanquished.

Grand Total: 256 creatures vanquished

Notes
Turn   | Place    | Note
-------+----------+-------------------------------------------
     0 | D        | mhtbhm the Troll Berserker began the quest for the Orb.
     0 | D        | Reached XP level 1. HP: 22/22 MP: 0/0
     7 | D        | Reached skill level 3 in Maces & Flails
    11 | D        | Reached ** piety under Trog
    14 | D        | HP: 1/33 [gnoll/+0 spear (6)]
    17 | D        | Reached XP level 2. HP: 4/31 MP: 1/1
    67 | D        | Noticed a howler monkey
    74 | D        | Reached skill level 4 in Maces & Flails
    75 | D        | Reached *** piety under Trog
    76 | D        | Reached XP level 3. HP: 39/39 MP: 2/2
    78 | D        | Reached XP level 4. HP: 49/49 MP: 3/3
    82 | D        | Reached skill level 5 in Fighting
    82 | D        | Reached skill level 5 in Maces & Flails
    90 | D        | Reached skill level 5 in Dodging
    96 | D        | Found a snail-covered altar of Cheibriados.
    96 | D        | Found a shadowy altar of Dithmenos.
    96 | D        | Found a white marble altar of Elyvilon.
    96 | D        | Found a blossoming altar of Fedhas.
    96 | D        | Found an opulent altar of Gozag.
    97 | D        | Found a hazy altar of Hepliaklqana.
    98 | D        | Found a viscous altar of Jiyva.
    99 | D        | Found an ancient bone altar of Kikubaaqudgha.
   100 | D        | Found a corrupted altar of Lugonu.
   101 | D        | Found a burning altar of Makhleb.
   102 | D        | Found a sparkling altar of Nemelex Xobeh.
   103 | D        | Found an iron altar of Okawaru.
   104 | D        | Found a stormy altar of Qazlal.
   105 | D        | Found a sacrificial altar of Ru.
   106 | D        | Found a shimmering blue altar of Sif Muna.
   107 | D        | Found a bloodstained altar of Trog.
   108 | D        | Found a hide-covered altar of Uskayaw.
   109 | D        | Found a radiant altar of Vehumet.
   110 | D        | Found an ornate altar of the Wu Jian Council.
   111 | D        | Found a shimmering altar of Xom.
   112 | D        | Found a basalt altar of Yredelemnul.
   113 | D        | Found a glowing silver altar of Zin.
   114 | D        | Found a glowing golden altar of the Shining One.
   149 | D        | Noticed an orc warrior
   149 | D        | Noticed a wraith
   149 | D        | Noticed a kobold brigand
   149 | D        | Noticed an acid dragon
   149 | D        | Noticed a yak
   153 | D        | Killed a yak
   153 | D        | Reached **** piety under Trog
   154 | D        | Reached skill level 7 in Maces & Flails
   154 | D        | Reached XP level 5. HP: 61/61 MP: 4/4
   154 | D        | Reached XP level 6. HP: 68/68 MP: 5/5
   157 | D        | Killed an acid dragon
   158 | D        | Reached skill level 8 in Maces & Flails
   162 | D        | Killed a wraith
   163 | D        | Reached skill level 9 in Maces & Flails
   163 | D        | Reached XP level 7. HP: 79/79 MP: 6/6
   165 | D        | Reached ***** piety under Trog
   303 | D        | Noticed a centaur warrior
   303 | D        | Noticed a vampire mosquito
   303 | D        | Noticed a wraith
   308 | D        | Killed a wraith
   309 | D        | Reached skill level 10 in Maces & Flails
   310 | D        | Received a gift from Trog
   317 | D        | Killed a vampire mosquito
   318 | D        | Reached XP level 8. HP: 89/89 MP: 7/7
   325 | D        | Killed a centaur warrior
   326 | D        | Reached skill level 11 in Maces & Flails
   476 | D        | Noticed a five-headed hydra
   480 | D        | Noticed a black mamba
   481 | D        | Noticed a blink frog
   485 | D        | Killed a five-headed hydra
   485 | D        | Received a gift from Trog
   486 | D        | Reached skill level 10 in Fighting
   486 | D        | Reached skill level 12 in Maces & Flails
   486 | D        | Reached XP level 9. HP: 101/101 MP: 8/8
   489 | D        | Reached skill level 10 in Dodging
   501 | D        | Killed a black mamba
   502 | D        | Reached skill level 13 in Maces & Flails
   542 | D        | Reached ****** piety under Trog
   704 | D        | Noticed a cane toad
   705 | D        | Noticed a seven-headed hydra
   720 | D        | Reached XP level 10. HP: 111/111 MP: 9/9
   721 | D        | Killed a cane toad
   721 | D        | Received a gift from Trog
   722 | D        | Reached skill level 5 in Armour
   723 | D        | Killed a seven-headed hydra
   724 | D        | Reached skill level 14 in Maces & Flails
   988 | D        | Received a gift from Trog
  1005 | D        | Reached skill level 15 in Maces & Flails
  1074 | D        | Noticed Grum
  1087 | D        | Killed Grum
  1116 | D        | Noticed Erica
  1133 | D        | Killed Erica
  1133 | D        | Received a gift from Trog
  1195 | D        | Noticed a stone giant
  1197 | D        | Noticed an orc knight
  1209 | D        | Killed a stone giant
  1210 | D        | Reached skill level 16 in Maces & Flails
  1210 | D        | Reached XP level 11. HP: 123/123 MP: 10/10
  1212 | D        | Noticed an orc knight
  1275 | D        | Killed an orc knight
  1275 | D        | Received a gift from Trog
  1359 | D        | Killed an orc knight
  1420 | D        | Noticed an orc knight
  1420 | D        | Noticed an orc knight
  1425 | D        | Killed an orc knight
  1433 | D        | Killed an orc knight
  1447 | D        | Noticed an orc high priest
  1449 | D        | Received a gift from Trog
  1468 | D        | Noticed a sixfirhy
  1644 | D        | Killed an orc high priest
  1681 | D        | Received a gift from Trog
  1785 | D        | Found Koepowk Bici's Book Boutique.
  1785 | D        | Noticed an orc sorcerer
  1785 | D        | Noticed an orc knight
  1785 | D        | Noticed an orc high priest
  1785 | D        | Noticed an orc high priest
  1786 | D        | Noticed an orc high priest
  1793 | D        | Killed an orc high priest
  1794 | D        | Reached skill level 17 in Maces & Flails
  1794 | D        | Reached skill level 1 in Evocations
  1794 | D        | Noticed an orc knight
  1797 | D        | Killed an orc high priest
  1798 | D        | Found Natz's Distillery.
  1802 | D        | Killed an orc knight
  1804 | D        | Killed an orc sorcerer
  1805 | D        | Found Pijeur's Distillery.
  1811 | D        | Noticed an orc high priest
  1816 | D        | Killed an orc high priest
  1822 | D        | Killed an orc knight
  1822 | D        | Received a gift from Trog
  1826 | D        | Found Mutuss's Antique Armour Shop.
  1826 | D        | Noticed a soul eater
  1834 | D        | Killed an orc high priest
  1835 | D        | Reached XP level 12. HP: 74/137 MP: 11/11
  1930 | D        | Noticed an orc high priest
  1940 | D        | Killed an orc high priest
  1967 | D        | Bought a manual of Maces & Flails for 1324 gold pieces
  1973 | D        | Bought a heavily runed cloak for 266 gold pieces
  1973 | D        | Identified the +0 cloak of Minor Irritation {rF+++ Will+}
                  | (You bought it in a shop in the Dungeon)
  1986 | D        | Bought a potion of curing for 30 gold pieces
  1986 | D        | Bought a potion of curing for 30 gold pieces
  1986 | D        | Bought 2 potions of heal wounds for 100 gold pieces
  1986 | D        | Bought a potion of heal wounds for 50 gold pieces
  1986 | D        | Bought a potion of heal wounds for 50 gold pieces
  1986 | D        | Bought a potion of might for 40 gold pieces
  2111 | D        | Found the +3 warlock's mirror {reflect}
  2154 | D        | Noticed a centaur warrior
  2154 | D        | Noticed a five-headed hydra
  2154 | D        | Noticed a fire dragon
  2161 | D        | Killed a fire dragon
  2163 | D        | Identified the +5 giant spiked club of Wabacit {vorpal,
                  | +Inv} (Trog gifted it to you in the Dungeon)
  2163 | D        | Received a gift from Trog
  2164 | D        | Reached skill level 18 in Maces & Flails
  2171 | D        | Killed a five-headed hydra
  2172 | D        | Noticed a stone giant
  2176 | D        | Killed a centaur warrior
  2178 | D        | Noticed a stone giant
  2182 | D        | Noticed an ettin
  2183 | D        | Noticed a stone giant
  2189 | D        | Received a gift from Trog
  2193 | D        | Reached skill level 19 in Maces & Flails
  2194 | D        | Killed a stone giant
  2195 | D        | Reached skill level 15 in Fighting
  2195 | D        | Noticed a tengu warrior
  2203 | D        | Killed a stone giant
  2203 | D        | Received a gift from Trog
  2209 | D        | Killed a stone giant
  2210 | D        | Killed an ettin
  2211 | D        | Killed a tengu warrior
  2343 | D        | Noticed Gastronok
  2354 | D        | Killed Gastronok
  2355 | D        | Reached skill level 20 in Maces & Flails
  2377 | D        | Noticed Donald
  2395 | D        | Killed Donald
  2395 | D        | Identified the +10 triple sword of Trog's Generosity
                  | {vorpal, rF+ Will+} (Trog gifted it to you in the Dungeon)
  2395 | D        | Received a gift from Trog
  2396 | D        | Reached XP level 13. HP: 20/152 MP: 12/12
  2687 | D        | Received a gift from Trog
  2740 | D        | Received a gift from Trog
  2743 | D        | Reached skill level 10 in Armour
  2753 | D        | Reached skill level 21 in Maces & Flails
  2756 | D        | Received a gift from Trog
  2807 | D        | Noticed a merfolk impaler
  2820 | D        | Received a gift from Trog
  2844 | D        | Killed a merfolk impaler
  2944 | D        | Noticed an entropy weaver
  2953 | D        | Received a gift from Trog
  2963 | D        | Killed an entropy weaver
  2968 | D        | Killed a ghost moth
  3082 | D        | Noticed Frances
  3093 | D        | Killed Frances
  3093 | D        | Received a gift from Trog
  3094 | D        | Reached skill level 22 in Maces & Flails
  3249 | D        | Noticed Rupert
  3259 | D        | Killed Rupert
  3260 | D        | Noticed Urug
  3270 | D        | Killed Urug
  3271 | D        | Reached XP level 14. HP: 148/166 MP: 13/13
  3312 | D        | Noticed Aizul
  3324 | D        | Killed Aizul
  3508 | D        | Noticed a stone giant
  3510 | D        | Received a gift from Trog
  3528 | D        | Killed a stone giant
  3530 | D        | Received a gift from Trog
  3547 | D        | Reached skill level 23 in Maces & Flails
  3555 | D        | Noticed a cyan very ugly thing
  3562 | D        | Killed a cyan very ugly thing
  3563 | D        | Noticed a stone giant
  3580 | D        | Killed a stone giant
  3580 | D        | Received a gift from Trog
  3604 | D        | Noticed a vampire knight
  3710 | D        | Killed a vampire knight
  3915 | D        | Noticed an ironbound preserver
  3915 | D        | Noticed an ironbound preserver
  3920 | D        | Killed an ironbound preserver
  3925 | D        | Killed an ironbound preserver
  3925 | D        | Received a gift from Trog
  3948 | D        | Received a gift from Trog
  4075 | D        | Received a gift from Trog
  4081 | D        | Noticed a vault warden
  4091 | D        | Killed a vault warden
  4094 | D        | Noticed a tengu reaver
  4094 | D        | Noticed an Orb Guardian
  4094 | D        | Noticed a deep elf master archer
  4096 | D        | Noticed a yellow draconian annihilator
  4102 | D        | Killed a tengu reaver
  4102 | D        | Received a gift from Trog
  4105 | D        | Killed a deep elf master archer
  4106 | D        | Reached skill level 24 in Maces & Flails
  4111 | D        | Killed an Orb Guardian
  4118 | D        | Reached XP level 15. HP: 160/183 MP: 14/14
  4119 | D        | Received a gift from Trog
  4244 | D        | Noticed Louise
  4256 | D        | Killed Louise
  4256 | D        | Received a gift from Trog
  4280 | D        | Noticed Margery
  4281 | D        | Noticed Xtahua
  4289 | D        | Killed Margery
  4296 | D        | Killed Xtahua
  4298 | D        | Identified the +6 giant club of Dullness {antimagic, SInv}
                  | (Trog gifted it to you in the Dungeon)
  4298 | D        | Received a gift from Trog
  4303 | D        | Reached skill level 15 in Armour
  4395 | D        | Found the +7 mace of Variability {chain chaos}
  4487 | D        | Noticed Saint Roka
  4497 | D        | Killed Saint Roka
  4498 | D        | Reached skill level 25 in Maces & Flails
  4498 | D        | Identified the +3 giant club of Eternal War {vorpal, rC+
                  | Dex+5} (Trog gifted it to you in the Dungeon)
  4498 | D        | Received a gift from Trog
  4538 | D        | Noticed Frederick
  4544 | D        | Killed Frederick
  4559 | D        | Noticed Jory
  4573 | D        | Killed Jory
  4668 | D        | Received a gift from Trog
  4682 | D        | Killed a ghost moth
  4686 | D        | Lost intelligence.
  4689 | D        | Killed a ghost moth
  4726 | D        | Received a gift from Trog
  4793 | D        | Got a gossamer rune of Zot
  4806 | D        | Identified the +6 giant club of Dullness {vorpal, *Noise
                  | rElec Int+4 Dex+9} (Trog gifted it to you in the Dungeon)
  4806 | D        | Received a gift from Trog
  4820 | D        | Reached XP level 16. HP: 201/201 MP: 15/15
  4822 | D        | Received a gift from Trog
  4828 | D        | Reached skill level 26 in Maces & Flails
  4934 | D        | Got a decaying rune of Zot
  4949 | D        | Reached skill level 15 in Dodging
  4951 | D        | Received a gift from Trog
  4952 | D        | Noticed Ilsuiw
  4970 | D        | Killed Ilsuiw
  4983 | D        | Identified the +2 giant spiked club of Zoisseug {vorpal,
                  | rElec} (Trog gifted it to you in the Dungeon)
  4983 | D        | Received a gift from Trog
  5060 | D        | Got a barnacled rune of Zot
  5088 | D        | Identified the +4 glaive of Inflation {flame, *Rage rN+
                  | Will+ Str+5} (Trog gifted it to you in the Dungeon)
  5088 | D        | Received a gift from Trog
  5105 | D        | Received a gift from Trog
  5108 | D        | HP: 3/204 [nagaraja/+0 flail (30)]
  5108 | D        | Annihilated by a nagaraja

Illustrated notes

Levels and vault maps discovered:
D:        linesprint [early_d, line_temple, items_1, d_10, items_2, lair_1,
          lair_end, items_3, orc_1, orc_end, items_4, d_15, swamp_1, shoals_1,
          snake_1, spider_1, d_20, vaults_1, items_5, swamp_end, shoals_end,
          snake_end, spider_end, vaults_end, d_27, items_6, zot_1, zot_end,
          crypt_end, forest_end, elf_end, slime_end, tomb_end, abyss_end,
          pan_hell_end]

Skill      XL: |  1  2  3  4  5  6  7  8  9 10 11 12 13 14 15 16 |
---------------+-------------------------------------------------+-----
Maces & Flails | 3 4 7 9 10 12 13 16 17 20 22 24 25 26 | 26.8
Fighting       | 3 4 6 7 8 10 12 13 15 17 19 22 23 | 23.5
Dodging        | 3 4 6 7 8 9 10 11 12 13 14 16 | 16.1
Armour         | 3 4 6 9 11 14 16 | 16.5
Evocations     | 1 2 3 |  3.8
Stealth        | |  0.4

Action                   |  1- 3 |  4- 6 |  7- 9 | 10-12 | 13-15 | 16-18 || total
-------------------------+-------+-------+-------+-------+-------+-------++-------
Melee: Mace              |    20 |    12 |       |       |       |       ||    32
       Morningstar       |       |    11 |    32 |       |       |       ||    43
       Great mace        |       |       |    55 |    82 |       |       ||   137
       Dire flail        |       |       |       |   183 |       |       ||   183
       Giant spiked club |       |       |       |    21 |   373 |    88 ||   482
Invok: Berserk           |     2 |     1 |     3 |     6 |    16 |     2 ||    30
       Brothers in Arms  |       |       |       |     2 |     4 |     1 ||     7
Evoke: Wand              |       |       |       |     7 |     3 |       ||    10
  Use: Potion            |       |       |     1 |       |     9 |     1 ||    11
       Scroll            |       |       |       |     1 |     4 |       ||     5
Armor: Animal skin       |     7 |     6 |       |       |       |       ||    13
       Acid dragon scale |       |       |    44 |    50 |       |       ||    94
       Storm dragon scal |       |       |       |    21 |   164 |       ||   185
       Swamp dragon scal |       |       |       |       |    80 |    43 ||   123
Dodge: Dodged            |     5 |     7 |    62 |   127 |   182 |    82 ||   465

Table legend: (Time is in decaauts)
 A = Elapsed time spent in this place.
 B = Non-inter-level travel time spent in this place.
 C = Inter-level travel time spent in this place.
 D = Time resting spent in this place.
 E = Time spent auto-exploring this place.
 F = Levels seen in this place.
 G = Mean time per level.
                   A        B        C        D        E       F      G
               +--------+--------+--------+--------+--------+-----+--------+
         Total |   5151 |   5100 |     51 |   1872 |    882 |   1 | 5151.0 |
       Dungeon |   5151 |   5100 |     51 |   1872 |    882 |   1 | 5151.0 |
               +--------+--------+--------+--------+--------+-----+--------+

Top non-repeatable levels by time:
       D: 5151 daAuts
